AoeStats
← Horizon

MegaRandom

507694620Analyzed
4v4 RM · 13d ago on Sep 19, 2026· 46m 58s· 8 players
Game mode
Random Map
Map size
Large (8 player)
Population
200
Speed
Normal
Resources
Standard
Victory
Conquest
Starting age
Dark Age
Ending age
Imperial Age
RankedLock teamsTeams togetherTeam positionsShared explorationLock speedFull tech treeHidden civsTurbo modeCheats
Victory
Defeat
🇰🇷 Mongols · South Korea
1500
+14
🇺🇸 Wei · United States
1474
+15
🇫🇷 Ethiopians · France
1463
+16
🇰🇷 Britons · South Korea
1452
+16
🇨🇳 Persians · China
1597
-21
🇵🇰 Maya · Pakistan
1512
-18
🇹🇷 Huns · Türkiye
1385
-12
🇷🇺 Poles · Russia
1329
-10
Thundernips, The Ultimate Gigolo
10:48 Feudal Age
12:27 Wheelbarrow
11:42 Double-Bit Axe
11:47 Horse Collar
12:50 Loom
15:19 Castle Age
16:40 Bow Saw
16:36 Heavy Plow
21:04 Hand Cart
21:05 Town Watch
23:24 Gold Mining
24:51 Scale Barding Armor
24:57 Forging
25:44 Husbandry
25:54 Bloodlines
26:26 Bloodlines
26:58 Pikeman
27:54 Fletching
29:19 Ballistics
30:58 Squires
33:27 Chain Barding Armor
33:48 Iron Casting
34:24 Stone Mining
35:15 Gold Shaft Mining
35:34 Scale Mail Armor
35:44 Bodkin Arrow
37:45 Chain Mail Armor
39:45 Caravan
47:41 Coinage
50:04 Imperial Age
남조선사람
7:02 Loom
9:17 Feudal Age
13:18 Fletching
14:00 Padded Archer Armor
20:47 Castle Age
19:35 Double-Bit Axe
20:38 Gold Mining
21:23 Crossbowman
24:47 Bodkin Arrow
26:48 Ballistics
33:07 Wheelbarrow
37:23 Caravan
37:24 Elite Skirmisher
Titi
6:12 Loom
9:16 Feudal Age
9:46 Double-Bit Axe
10:49 Fletching
11:12 Padded Archer Armor
15:57 Horse Collar
23:39 Wheelbarrow
24:20 Gold Mining
25:34 Town Watch
27:52 Castle Age
27:55 Crossbowman
28:45 Bodkin Arrow
29:07 Leather Archer Armor
29:12 Bow Saw
29:19 Thumb Ring
30:20 Ballistics
32:55 Town Watch
33:26 Hand Cart
34:40 Caravan
38:24 Town Patrol
40:05 Guard Tower
45:39 Murder Holes
47:12 Masonry
BaniWang
0:31 Loom
6:26 Loom
9:10 Feudal Age
20:09 Bloodlines
23:25 Scale Barding Armor
25:50 Forging
29:49 Castle Age
29:52 Stone Mining
31:10 Chain Barding Armor
30:54 Husbandry
31:20 Husbandry
31:08 Horse Collar
31:20 Double-Bit Axe
34:08 Fletching
37:23 Heavy Plow
38:10 Bow Saw
39:53 Wheelbarrow
40:27 Iron Casting
41:10 Hand Cart
48:01 Stone Shaft Mining
Batushka_na_harlee
7:51 Loom
10:04 Feudal Age
11:06 Double-Bit Axe
11:09 Horse Collar
14:05 Scale Barding Armor
14:53 Forging
23:09 Castle Age
23:29 Castle Age
22:06 Bloodlines
21:59 Stone Mining
23:21 Wheelbarrow
24:13 Husbandry
23:36 Light Cavalry
29:34 Stone Mining
30:01 Fletching
31:56 Szlachta Privileges
33:00 Chain Barding Armor
36:23 Town Watch
37:04 Bow Saw
38:30 Squires
38:15 Arson
38:32 Scale Mail Armor
39:33 Gold Mining
40:47 Chain Mail Armor
41:21 Ballistics
41:40 Heavy Plow
42:12 Bodkin Arrow
43:11 Murder Holes
45:24 Iron Casting
44:27 Elite Skirmisher
45:12 Thumb Ring
45:17 Padded Archer Armor
骑人机的骑士
8:20 Feudal Age
7:48 Loom
9:00 Double-Bit Axe
9:55 Horse Collar
17:20 Gold Mining
18:48 Forging
18:43 Scale Barding Armor
22:07 Castle Age
20:48 Bloodlines
24:14 Castle Age
24:43 Husbandry
24:05 Light Cavalry
27:24 Gold Shaft Mining
27:24 Heavy Plow
28:56 Iron Casting
30:48 Chain Barding Armor
41:29 Imperial Age
41:53 Hussar
44:16 Plate Barding Armor
44:34 Bow Saw
46:36 Blast Furnace
wifi
6:39 Loom
8:47 Feudal Age
12:25 Fletching
16:10 Double-Bit Axe
17:01 Padded Archer Armor
23:10 Castle Age
23:23 Horse Collar
23:26 Crossbowman
24:03 Bodkin Arrow
26:39 Ballistics
30:25 Elite Skirmisher
34:36 Leather Archer Armor
Horizon
0:30 Loom
8:30 Feudal Age
9:25 Double-Bit Axe
11:15 Fletching
17:20 Padded Archer Armor
20:34 Horse Collar
24:23 Castle Age
24:21 Stone Mining
Connection lost

Rejoining the realm…

Still unreachable

The connection could not be restored.

Session expired

The server has moved on; the page needs a fresh start.